 Dungeon Crawl Stone Soup version 0.30-a0-711-gf4ac18a38d (webtiles) character file.

Game seed: 15185408154726518724

18 kae the Insei (level 2, 0/21 HPs)
             Began as a Demonspawn Transmuter on Jan 22, 2023.
             Slain by a quokka (3 damage)
             ... on level 1 of the Dungeon.
             The game lasted 00:00:26 (346 turns).

kae the Insei (Demonspawn Transmuter)                Turns: 346, Time: 00:00:27

Health: 0/21       AC:  2    Str: 10    XL:     2   Next: 51%
Magic:  4/5        EV: 12    Int: 14    God:
Gold:   45         SH:  0    Dex: 13    Spells: 4/5 levels left

rFire   . . .      SeeInvis .      - Unarmed
rCold   . . .      Faith    .    (no shield)
rNeg    . . .      Spirit   .    a - +0 robe
rPois   .          Reflect  .    (helmet currently unavailable)
rElec   .          Harm     .    (no cloak)
rCorr   .          Rampage  .    (no gloves)
Will    .....                    (boots currently unavailable)
Stlth   +                        (no amulet)
HPRegen 0.23/turn                (no ring)
MPRegen 0.09/turn                (no ring)

@: appendages
A: horns 2, talons 2, sturdy frame 1
a: End Transformation


You were on level 1 of the Dungeon.
You had temporarily grown beastly horns and talons.
You visited 1 branch of the dungeon, and saw 1 of its levels.

You collected 45 gold pieces.


Innate Abilities, Weirdness & Mutations

You have temporarily grown beastly horns and talons.
Your movements are slightly less encumbered by armour. (ER -2)


   Skills:
 - Level 1.0 Fighting
 - Level 1.7 Dodging
 + Level 2.9 Unarmed Combat
 + Level 2.2 Spellcasting
 * Level 2.4 Transmutations


You had 4 spell levels left.
You knew the following spells:

 Your Spells              Type           Power      Damage    Failure   Level
a - Beastly Appendage     Tmut           16%        N/A       9%          1

Your spell library contained the following spells:

 Spells                   Type           Power      Damage    Failure   Level
 Wereblood                Tmut           8%         N/A       13%         2
 Spider Form              Tmut/Pois      4%         N/A       38%         3
 Gell's Gravitas          Tloc           1%         N/A       56%         3
 Teleport Other           Tloc           1%         N/A       56%         3
 Ice Form                 Ice/Tmut       4%         N/A       80%         4
 Dispersal                Tloc           0%         N/A       100%        6

Inventory:

Missiles
 e - 3 stones
Armour
 a - a +0 robe (worn)
Scrolls
 c - a scroll of teleportation {unknown}
 f - a scroll of magic mapping {unknown}
Potions
 b - a potion of lignification {!q}
 d - a potion of resistance {unknown}

Dungeon Overview and Level Annotations

Branches:
Dungeon (1/15) Zot: 5654

Altars:

....### #.# ###^..#
#.# ###.###.#
#.....## .#
###....# .#
#....### .#
#......### #.##
#....#...##### >..#
#....###..@rg##...#
.......#
#####......#
######## ###....#
#.......#
#............#
#.##.........# ..
#.........#
###.####### ..#


You could see a quokka and a goblin.


Message History

A ball python is nearby!
You hit the ball python.
You kill the ball python!
No target in view! 😎 HP[+1]
Your hp is fully restored (21).
e - 3 stones Your transformation is almost over.
f - a scroll labelled IPRUSEYCE You now have 45 gold pieces (gained 16).
Your horns disappear.
Your talons disappear.
A ball python comes into view.
The ball python hisses angrily. 😎 MP[+1]
Your mp is fully restored (5).
A ball python is nearby!
A ball python is nearby!
A ball python is nearby!
Casting: Beastly Appendage (safe; 9% risk of failure)
Confirm with . or Enter, or press ? or * to list all spells.
You grow a pair of large bovine horns.
Your feet morph into talons.
The ball python barely misses you. The ball python closely misses you.
The ball python bites you but does no damage.
The ball python grabs you.
The ball python constricts you. 😎 MP[-1]
You lost 1 mp, and now have 4/5 mp.
A ball python is nearby!
You hit the ball python.
You kill the ball python!
No target in view!
Your transformation is almost over.
Your horns disappear.
Your talons disappear.
An endoplasm comes into view. 😎 MP[+1]
Your mp is fully restored (5).
An endoplasm is nearby!
An endoplasm is nearby!
An endoplasm is nearby!
A goblin comes into view. It is wielding a +0 dagger.
A quokka comes into view.
Found a stone staircase leading down.
The quokka twitches its whiskers.
Casting: Beastly Appendage (safe; 9% risk of failure)
Confirm with . or Enter, or press ? or * to list all spells.
You grow a pair of large bovine horns.
Your feet morph into talons.
The endoplasm quivers.
The goblin closely misses you. The quokka misses you. 😎 MP[-1]
You lost 1 mp, and now have 4/5 mp.
You hit the quokka but do no damage.
The quokka twitches its whiskers.
The quokka bites you. The goblin hits you with a +0 dagger.
You barely miss the quokka. Your kick misses the quokka.
Your headbutt misses the quokka.
The quokka bites you but does no damage.
The goblin closely misses you.
There are monsters nearby!
You hit the quokka but do no damage. The quokka misses you.
The goblin hits you with a +0 dagger. The quokka closely misses you.
You are too injured to fight recklessly! 😮 HP[-7]
You take 7 damage, and now have 14/21 hp.
MASSIVE DAMAGE!! (PAUSE)
You are too injured to fight recklessly!
You are too injured to fight recklessly!
You are too injured to fight recklessly!
You are too injured to fight recklessly!
The endoplasm attacks as you move away! The endoplasm barely misses you.
Your transformation is almost over. 😮 HP[+1]
Casting: Beastly Appendage (safe; 9% risk of failure)
Confirm with . or Enter, or press ? or * to list all spells.
You extend your transformation's duration.
The endoplasm freezes you.
You are frozen.
The endoplasm freezes you.
You are frozen.
* * * LOW HITPOINT WARNING * * *
😨 HP[-5]
You take 5 damage, and now have 10/21 hp.
MASSIVE DAMAGE!! (PAUSE)
You hit the endoplasm but do no damage. The endoplasm freezes you.
You are frozen.
* * * LOW HITPOINT WARNING * * *
😨 HP[-3]
You take 3 damage, and now have 7/21 hp.
You hit the endoplasm.
You kill the endoplasm! 😨 HP[+1] Unknown command.
You barely miss the quokka. Your kick misses the quokka. The quokka bites you.
* * * LOW HITPOINT WARNING * * *
😱 HP[-5]
You take 5 damage, and now have 3/21 hp.
MASSIVE DAMAGE!! (PAUSE)
You hit the quokka but do no damage. The quokka closely misses you.
You closely miss the quokka. The quokka bites you.
You die...

Skill      XL: |  1 |
---------------+----+-----
Transmutations | 2 |  2.4
Fighting       | |  1.0
Dodging        | |  1.7
Unarmed Combat | |  2.9
Spellcasting   | |  2.2

Action                     || total
---------------------------++-------
  Melee: Unarmed           ||    39
         Kick              ||     4
         Headbutt          ||     4
         Punch             ||     2
   Cast: Beastly Appendage ||     9
   Stab: Sleeping          ||     1
 Armour: Robe              ||     7
  Dodge: Dodged            ||    32

Levels and vault maps discovered:
D:1:      shiori_arrival_whats_in_store_for_you, layout_rooms,
          minmay_rat_gold_closets

Notes
Turn   | Place    | Note
-------+----------+-------------------------------------------
     0 | D:1      | kae the Demonspawn Transmuter began the quest for the Orb.
     0 | D:1      | Reached XP level 1. HP: 15/15 MP: 3/3
     0 | D:1      | Noticed a demonspawn
     0 | D:1      | magus.rc [v1.11.3]
     5 | D:1      | Noticed a naga
    11 | D:1      | Noticed a felid
    13 | D:1      | Noticed a demigod
    15 | D:1      | Noticed a demonspawn zombie
    17 | D:1      | Noticed a demigod
    17 | D:1      | Noticed a minotaur
    17 | D:1      | Noticed a formicid
    19 | D:1      | Noticed a merfolk
    21 | D:1      | Noticed a naga
    57 | D:1      | Reached skill level 2 in Transmutations
    75 | D:1      | Gained mutation: Your movements are slightly less
                  | encumbered by armour. (ER -2) [demonic ancestry]
    75 | D:1      | Reached XP level 2. HP: 21/21 MP: 3/5
   128 | D:1      | You add the spells Gell's Gravitas, Teleport Other and
                  | Dispersal to your library.
   344 | D:1      | HP: 3/21 [quokka (5)]
   346 | D:1      | Slain by a quokka

Vanquished Creatures
  A bat (D:1)
  2 endoplasms (D:1)
  A goblin (D:1)
  2 kobolds (D:1)
  A quokka (D:1)
  4 ball pythons (D:1)
  8 rats (D:1)
19 creatures vanquished.

Table legend:
 A = Non-vault XP
 B = Vault XP
 C = Vault XP percentage of total XP
 D = Non-vault monster count
 E = Vault monster count
 F = Vault count percentage of total count
                 A         B        C        D         E       F
            +---------+---------+-------+---------+---------+-------
      Total |      19 |       8 |  29.6 |      11 |       8 |  42.1
            +---------+---------+-------+---------+---------+-------
        D:1 |      19 |       8 |  29.6 |      11 |       8 |  42.1
            +---------+---------+-------+---------+---------+-------

Illustrated notes

Table legend:
 A = Kills in this place as a percentage of kills in entire the game.
 B = Kills by you in this place as a percentage of kills by you in the entire game.
 C = Kills by friends in this place as a percentage of kills by friends in the entire game.
 D = Other kills in this place as a percentage of other kills in the entire game.
 E = Experience gained in this place as a percentage of experience gained in the entire game.
 F = Experience gained in this place divided by the number of levels of this place that you have seen.
                   A       B       C       D       E      F
               +-------+-------+-------+-------+-------+----------------------
         Total | 100.0 | 100.0 |   N/A |   N/A | 100.0 |  27.0
       Dungeon | 100.0 | 100.0 |   N/A |   N/A | 100.0 |  27.0
               +-------+-------+-------+-------+-------+----------------------

Table legend: (Time is in decaauts)
 A = Elapsed time spent in this place.
 B = Non-inter-level travel time spent in this place.
 C = Inter-level travel time spent in this place.
 D = Time resting spent in this place.
 E = Time spent auto-exploring this place.
 F = Levels seen in this place.
 G = Mean time per level.
                   A        B        C        D        E       F      G
               +--------+--------+--------+--------+--------+-----+--------+
         Total |    344 |    344 |      0 |      0 |    235 |   1 |  344.0 |
       Dungeon |    344 |    344 |      0 |      0 |    235 |   1 |  344.0 |
               +--------+--------+--------+--------+--------+-----+--------+

Top non-repeatable levels by time:
     D:1: 344 daAuts
